 Dungeon Crawl Stone Soup version 0.30-a0-719-gcc4359ea44 (webtiles) character file.

Game seed: 4414680637188973191

81 Sabo the Conjurer (level 4, -12/27 HPs)
             Began as an Octopode Conjurer on Jan 26, 2023.
             Killed by divine providence
             ... invoked by an orc priest
              (14 damage)
             ... on level 3 of the Dungeon.
             The game lasted 00:13:30 (3387 turns).

Sabo the Conjurer (Octopode Conjurer)               Turns: 3387, Time: 00:13:31

Health: -12/27     AC:  1    Str: 10    XL:     4   Next: 40%
Magic:  2/7        EV: 13    Int: 22    God:
Gold:   105        SH:  0    Dex:  7    Spells: 4/7 levels left

rFire   + + .      SeeInvis .    l - +7 mace of Aliec {flame, rF++ rCorr Str+4 Dex-3}
rCold   . . .      Faith    .    (no shield)
rNeg    . . .      Spirit   .    (helmet restricted)
rPois   .          Reflect  .    (no amulet)
rElec   .          Harm     .    (no ring)
rCorr   +          Rampage  .    (no ring)
Will    .....                    (no ring)
Stlth   +++                      (no ring)
HPRegen 0.24/turn                (no ring)
MPRegen 0.10/turn                (no ring)
                                 (no ring)
                                 (no ring)

@: no status effects
A: almost no armour, amphibious, 8 rings, camouflage 1, gelatinous body 1,
(nimble swimmer 1), tentacles
a: no special abilities


You were on level 3 of the Dungeon.
You visited 1 branch of the dungeon, and saw 3 of its levels.

You collected 105 gold pieces.

Inventory:

Hand Weapons
 h - a +0 sling
 l - the +7 mace of Aliec (weapon) {flame, rF++ rCorr Str+4 Dex-3}
   (You found it on level 2 of the Dungeon)

   Str:       It affects your strength (+4).
   Dex:       It affects your dexterity (-3).
   rF:        It greatly protects you from fire.
   rCorr:     It protects you from acid and corrosion.
Missiles
 b - 4 javelins
 e - 9 poisoned darts
Magical Staves
 i - a staff of air
Scrolls
 f - a scroll of magic mapping {unknown}
 g - a scroll of blinking {unknown}
 m - a scroll of enchant armour {unknown}
 n - a scroll of noise {unknown}
Potions
 a - 2 potions of magic
 c - 2 potions of heal wounds {unknown}
 d - a potion of mutation {unknown}
 j - 2 potions of curing {unknown}
 k - a potion of degeneration {unknown}


   Skills:
 + Level 0.5 Fighting
 + Level 0.5 Axes
 + Level 2.3 Dodging
 + Level 3.1 Stealth
 + Level 2.4 Spellcasting
 + Level 5.0 Conjurations


You had 4 spell levels left.
You knew the following spells:

 Your Spells              Type           Power      Damage    Failure   Level
a - Magic Dart            Conj           96%        1d7       1%          1
b - Searing Ray           Conj           48%        2d6       2%          2

Your spell library contained the following spells:

 Spells                   Type           Power      Damage    Failure   Level
 Dazzling Flash           Conj/Hex       26%        N/A       14%         3
 Hailstorm                Conj/Ice       13%        3d5       14%         3
 Ignite Poison            Fire/Tmut/Pois 2%         N/A       36%         3
 Kindle Blastsparks       Fire/Tloc/Air  4%         2d10      36%         3
 Fulminant Prism          Conj/Hex       6%         3d7       43%         4
 Iskenderun's Mystic Bla  Conj/Tloc      13%        2d5       43%         4
 Ice Form                 Ice/Tmut       2%         N/A       78%         4
 Freezing Cloud           Conj/Ice/Air   5%         6-21      88%         5
 Simulacrum               Ice/Necr       1%         N/A       100%        6


Dungeon Overview and Level Annotations

Branches:
Dungeon (3/15)

Altars:
Gozag
Zin


Innate Abilities, Weirdness & Mutations

You cannot wear most types of armour.
You are amphibious.
You can wear up to eight rings at the same time.
Your skin changes colour to match your surroundings (Stealth+).
Your rubbery body absorbs attacks. (AC +1, EV +1)
((You are camouflaged when in or above water. (Stealth+)))
You have tentacles for arms and can constrict up to eight enemies at once.


Message History

Press: ? - help, Shift-Dir - straight line, f/p - orc
Aim: an orc, wielding a +0 short sword and wearing a +0 ring mail (100% to hit)
The magic dart hits the orc.
The orc is moderately wounded.
An orc comes into view. It is wielding a +0 mace.
Casting: Magic Dart (safe; 1% risk of failure)
Confirm with . or Enter, or press ? or * to list all spells.
Aiming: Magic Dart (safe; 1% risk of failure)
Press: ? - help, Shift-Dir - straight line, f/p - orc
Aim: an orc, wielding a +0 short sword and wearing a +0 ring mail (moderately wounded, 100% to hit)
The magic dart hits the orc.
You kill the orc!
The orc priest mumbles some strange prayers to Beogh against you.
Beogh smites you!
Ouch! That really hurt!
Casting: Magic Dart (safe; 1% risk of failure)
Confirm with . or Enter, or press ? or * to list all spells.
Aiming: Magic Dart (safe; 1% risk of failure)
Press: ? - help, Shift-Dir - straight line, f - orc
Aim: an orc, wielding a +0 mace and wearing a +0 scale mail (100% to hit)
The magic dart hits the orc.
The orc is heavily wounded.
You barely miss the orc. You grab the orc.
The orc is heavily wounded.
You constrict the orc.
You kill the orc!
An orc comes into view. It is wielding a +0 hand axe.
The orc priest calls down the wrath of Beogh upon you.
Beogh smites you!
* * * LOW HITPOINT WARNING * * *
Casting: Magic Dart (safe; 1% risk of failure)
Confirm with . or Enter, or press ? or * to list all spells.
Aiming: Magic Dart (safe; 1% risk of failure)
Press: ? - help, Shift-Dir - straight line, f - orc priest
Aim: an orc priest, wielding a +0 club and wearing a +0 ring mail (100% to hit)
The magic dart hits the orc priest but does no damage.
The orc priest calls down the wrath of Beogh upon you.
Beogh smites you!
Ouch! That really hurt!
You die...

#..#####
#......#####
#.####.#... . #.#
#.#.## #. ...
#....##+###+# ...
#.....#....#.. ..#
#.#
###........#.♣♣♣.#
o.
#..#.#.#.#.....#.#
#......#.'.._.@).#
##.#.#.###.....###
#.....# #.♣♣♣.#
...#.#.# #.. ..#
.....#.. #+###+#


You could see an orc priest.

Vanquished Creatures
  2 adders
  A worm (D:2)
  2 dart slugs
  3 orcs
  8 ball pythons
  3 bats
  4 endoplasms
  A giant cockroach (D:1)
  6 goblins
  4 hobgoblins
  3 jackals (D:3)
  2 quokkas
  4 frilled lizards
  2 kobolds
  3 rats
48 creatures vanquished.

Notes
Turn   | Place    | Note
-------+----------+-------------------------------------------
     0 | D:1      | Sabo the Octopode Conjurer began the quest for the Orb.
     0 | D:1      | Reached XP level 1. HP: 11/11 MP: 3/3
   620 | D:1      | Reached XP level 2. HP: 17/17 MP: 3/5
  1410 | D:2      | Reached XP level 3. HP: 21/21 MP: 1/6
  2506 | D:2      | Identified the +7 mace of Aliec {flame, rF++ rCorr Str+4
                  | Dex-3}
  2946 | D:3      | Reached XP level 4. HP: 25/27 MP: 7/7
  3027 | D:3      | Learned a level 2 spell: Searing Ray
  3140 | D:3      | Reached skill level 5 in Conjurations
  3313 | D:3      | Found an opulent altar of Gozag.
  3374 | D:3      | Found a glowing silver altar of Zin.
  3387 | D:3      | Killed from afar by an orc priest

Illustrated notes

Levels and vault maps discovered:
D:1:      scummos_arrival_checkerplants, layout_basic,
          minmay_misc_feat_more_columns
D:2:      layout_loops_corners
D:3:      layout_loops_ring, trog_hazing_becter, grunt_gozag_statues,
          mainiacjoe_overflow_six_doors_small, serial_glass, glass_columns_a,
          glass_columns_a, glass_columns_a, glass_columns_b, glass_columns_a,
          glass_columns_a, glass_columns_a, glass_columns_b

Skill      XL: |  1  2  3  4 |
---------------+-------------+-----
Stealth        | 3 |  3.1
Conjurations   | 5 |  5.0
Fighting       | |  0.5
Axes           | |  0.5
Dodging        | |  2.3
Spellcasting   | |  2.4

Action                     |  1- 3 |  4- 6 || total
---------------------------+-------+-------++-------
  Melee: Hand axe          |    18 |       ||    18
         Tentacles         |     4 |       ||     4
         Constrict         |     5 |     1 ||     6
         Mace              |     2 |     4 ||     6
   Cast: Magic Dart        |    62 |    21 ||    83
 Armour: Skin              |     2 |       ||     2
  Dodge: Dodged            |    26 |     3 ||    29

Table legend: (Time is in decaauts)
 A = Elapsed time spent in this place.
 B = Non-inter-level travel time spent in this place.
 C = Inter-level travel time spent in this place.
 D = Time resting spent in this place.
 E = Time spent auto-exploring this place.
 F = Levels seen in this place.
 G = Mean time per level.
                   A        B        C        D        E       F      G
               +--------+--------+--------+--------+--------+-----+--------+
         Total |   3392 |   3392 |      0 |   1044 |      0 |   3 | 1130.7 |
       Dungeon |   3392 |   3392 |      0 |   1044 |      0 |   3 | 1130.7 |
               +--------+--------+--------+--------+--------+-----+--------+

Top non-repeatable levels by time:
     D:2: 1507 daAuts
     D:1: 1301 daAuts
     D:3: 584 daAuts
